 Dungeon Crawl Stone Soup version 0.30-a0-879-ga8ba668304 (webtiles) character file.

Game seed: 10196138991424590168

1543 hikkokomori the Trooper (level 9, -4/71 HPs)
             Began as a Formicid Fighter on Mar 14, 2023.
             Was an Initiate of Qazlal.
             Slain by Maggie
             ... wielding a +2 war axe of flaming
              (8 damage)
             ... on level 6 of the Dungeon.
             The game lasted 00:13:10 (6065 turns).

hikkokomori the Trooper (Formicid Fighter)          Turns: 6065, Time: 00:13:10

Health: -4/71      AC: 12    Str: 22    XL:     9   Next: 11%
Magic:  11/11      EV:  6    Int:  9    God:    Qazlal [......]
Gold:   325        SH:  5    Dex: 15    Spells: 8/8 levels left

rFire   . . .      SeeInvis +    a - +0 war axe
rCold   . . .      Faith    .    c - +0 buckler
rNeg    . . .      Spirit   .    i - +0 plate armour
rPois   .          Reflect  .    (helmet unavailable)
rElec   .          Rampage  .    (no cloak)
rCorr   +                        (no gloves)
Will    .....                    (no boots) Stlth
                                 (no amulet)
HPRegen 0.31/turn                j - ring of resist corrosion
MPRegen 0.12/turn                (no ring)

@: mighty, mesmerised
A: permanent stasis, dig shafts and tunnels, antennae 3, four strong arms
a: Dig, Shaft Self, Renounce Religion


You were on level 6 of the Dungeon.
You worshipped Qazlal.
Qazlal was noncommittal.
You visited 2 branches of the dungeon, and saw 7 of its levels.

You collected 325 gold pieces.

Inventory:

Hand Weapons
 a - a +0 war axe (weapon)
 x - a +0 giant club
Armour
 b - a +0 scale mail
 c - a +0 buckler (worn)
 i - a +0 plate armour (worn)
Jewellery
 j - a ring of resist corrosion (left hand)
Wands
 n - a wand of flame (13)
Scrolls
 f - 2 scrolls of fear {unknown}
 k - a scroll of blinking {unknown}
 l - a scroll of enchant armour {unknown}
 p - 3 scrolls of fog {unknown}
 r - a scroll of teleportation {unknown}
 s - 2 scrolls of enchant weapon {unknown}
 u - a scroll of noise {unknown}
 y - a scroll of identify
 A - a scroll of brand weapon {unknown}
 F - a scroll of magic mapping {unknown}
Potions
 d - a potion of might
 e - 2 potions of lignification
 g - 2 potions of curing
 m - 3 potions of flight
 o - 2 potions of attraction
 q - a potion of brilliance {unknown}
 t - a potion of degeneration {unknown}
 v - a potion of mutation
 w - a potion of ambrosia {unknown}
 z - a potion of berserk rage {unknown}
 B - a potion of cancellation {unknown}
 D - a potion of magic {unknown}


   Skills:
 + Level 6.7 Fighting
 + Level 5.7 Axes
 + Level 1.4 Throwing
 - Level 5.9 Armour
 - Level 5.2 Shields
 + Level 3.2 Invocations
 - Level 4.4 Evocations


You had 8 spell levels left.
You didn't know any spells.
Your spell library contained the following spells:

 Spells                   Type           Power      Damage    Failure   Level
 Magic Dart               Conj           0%         1d3       100%        1
 Call Imp                 Summ           0%         N/A       100%        2
 Call Canine Familiar     Summ           0%         N/A       100%        3
 Mephitic Cloud           Conj/Pois/Air  0%         N/A       100%        3
 Portal Projectile        Hex/Tloc       0%         N/A       100%        3
 Summon Guardian Golem    Hex/Summ       0%         N/A       100%        3
 Leda's Liquefaction      Hex/Erth       0%         N/A       100%        4
 Fireball                 Conj/Fire      0%         3d3       100%        5
 Iskenderun's Battlesphe  Conj           0%         2d6       100%        5
 Conjure Ball Lightning   Conj/Air       0%         3x3d6     100%        6
 Orb of Destruction       Conj           0%         9d5       100%        7
 Spellforged Servitor     Conj/Summ      0%         N/A       100%        7


Dungeon Overview and Level Annotations

Branches:
Dungeon (6/15)             Temple (1/1) D:5

Altars:
Ashenzari
Cheibriados
Dithmenos
Elyvilon
Hepliaklqana
Kikubaaqudgha
Makhleb
Nemelex Xobeh
Okawaru
Qazlal
Ru
Sif Muna
Trog
Wu Jian
Zin
The Shining One

Annotations:
D:6 Maggie


Innate Abilities, Weirdness & Mutations

You cannot be hasted, slowed, berserked, paralysed or teleported.
You can dig through walls and to a lower floor.
You have a pair of large antennae on your head. (SInv)
Your four strong arms can wield two-handed weapons with a shield.


Message History

Unknown command.
Unknown command.
You feel very mighty all of a sudden. You block Maggie's attack.
You barely miss Maggie.
Maggie is moderately wounded.
Maggie mumbles some strange words.
Maggie attempts to bespell you!
You are mesmerised by Maggie!
You hit Maggie.
Maggie is moderately wounded.
Maggie hits you with a +2 war axe of flaming!
Maggie burns you.
Maggie hits you with a +2 war axe of flaming!
Maggie burns you.
* * * LOW HITPOINT WARNING * * *
You barely miss Maggie.
Maggie is moderately wounded.
Maggie gestures at you while chanting. The bolt of fire hits you.
* * * LOW HITPOINT WARNING * * *
Unknown command.
You feel much better.
Maggie hits you with a +2 war axe of flaming!
Maggie burns you.
* * * LOW HITPOINT WARNING * * *
You closely miss Maggie.
Maggie is moderately wounded.
You block Maggie's attack.
Unknown command.
You hit Maggie.
Maggie is moderately wounded.
Maggie hits you with a +2 war axe of flaming!
* * * LOW HITPOINT WARNING * * *
Maggie burns you.
* * * LOW HITPOINT WARNING * * *
Unknown command.
Are you sure you want to shaft yourself?
Maggie hits you with a +2 war axe of flaming!
You die...

##### ##### # #...#
#...##.###.
###.#.#######..†@..(...
#...#..........@.......
##.#####..........#.####
.#...#...#####...##.#
#.##.#.#.# ##.###.#
####...#.######.# #.# #
.# ##.##...)....###.#
#.## ..#
#.##.#..#.....#.# #.#.
..# #.##.#..#.....#.##
#...###..
#.##.#..#..#.....#
#..#..#


You could see Maggie (mesmerising).

Vanquished Creatures
  Grinder (D:6)
  Menkaure (D:4)
  A water moccasin (D:5)
  An ogre (D:4)
  Blork the orc (D:4)
  A kobold brigand (D:6)
  A bullfrog (D:6)
  4 hounds
  A gnoll bouda (D:6)
  7 orc priests
  A jelly (D:6)
  4 iguanas
  A sleepcap (D:6)
  Natasha (thrice) (D:3)
  3 orc wizards
  3 gnolls
  6 adders
  A white imp (D:6)
  3 worms
  A dart slug (D:3)
  19 orcs
  3 bats
  9 endoplasms
  4 giant cockroaches
  4 hobgoblins
  2 jackals (D:2)
  10 kobolds
  5 ball pythons
  3 frilled lizards
  5 goblins
  2 rats
111 creatures vanquished.

Notes
Turn   | Place    | Note
-------+----------+-------------------------------------------
     0 | D:1      | hikkokomori the Formicid Fighter began the quest for the
                  | Orb.
     0 | D:1      | Reached XP level 1. HP: 18/18 MP: 1/1
   207 | D:1      | Found a faded altar of an unknown god.
   208 | D:1      | Noticed a great orb of eyes
   216 | D:1      | Reached XP level 2. HP: 20/24 MP: 2/2
   231 | D:1      | Noticed a shining eye
   232 | D:1      | Noticed a golden eye
   232 | D:1      | Noticed a floating eye
   291 | D:1      | Reached XP level 3. HP: 29/29 MP: 3/3
   970 | D:2      | You fall into a shaft and drop 1 floor!
  1125 | D:3      | Noticed Natasha
  1134 | D:3      | Killed Natasha
  1135 | D:3      | Reached skill level 4 in Fighting
  1135 | D:3      | Reached XP level 4. HP: 29/37 MP: 4/4
  2033 | D:3      | Noticed Natasha
  2038 | D:3      | Killed Natasha
  2039 | D:3      | Reached skill level 5 in Shields
  2039 | D:3      | Reached XP level 5. HP: 31/42 MP: 5/5
  2043 | D:3      | Noticed Natasha
  2051 | D:3      | Killed Natasha
  2781 | D:4      | Reached XP level 6. HP: 31/49 MP: 6/6
  2984 | D:4      | Noticed Menkaure
  2991 | D:4      | Killed Menkaure
  2992 | D:4      | Reached skill level 1 in Evocations
  3260 | D:4      | Reached skill level 5 in Fighting
  3260 | D:4      | Reached XP level 7. HP: 54/56 MP: 7/7
  3340 | D:4      | Found an ancient bone altar of Kikubaaqudgha.
  3408 | D:4      | Noticed Blork the orc
  3426 | D:4      | Killed Blork the orc
  3427 | D:4      | Reached skill level 5 in Armour
  4074 | D:5      | Entered Level 5 of the Dungeon
  4360 | D:5      | Reached XP level 8. HP: 63/63 MP: 8/8
  4794 | D:5      | Found a staircase to the Ecumenical Temple.
  4822 | Temple   | Entered the Ecumenical Temple
  4871 | Temple   | Became a worshipper of Qazlal Stormbringer
  5140 | D:5      | Found a white marble altar of Elyvilon.
  5201 | D:5      | Reached skill level 6 in Fighting
  5310 | D:5      | Reached skill level 5 in Axes
  5317 | D:5      | Reached skill level 1 in Invocations
  5915 | D:6      | Noticed Grinder
  5916 | D:6      | Noticed Maggie
  5941 | D:6      | Killed Grinder
  5942 | D:6      | Reached skill level 1 in Throwing
  5942 | D:6      | Reached XP level 9. HP: 43/71 MP: 9/11
  6065 | D:6      | Slain by Maggie

Illustrated notes

Levels and vault maps discovered:
D:1:      matt_arrival_refuge, layout_loops_ring,
          hellmonk_ecumenical_altar_watching_god
D:2:      layout_loops_corners
D:3:      layout_basic, nrook_campfire, uniq_natasha
D:4:      layout_gridville, mainiacjoe_overflow_small_starburst, uniq_menkaure,
          uniq_blork_the_orc
D:5:      layout_gridville, mainiacjoe_overflow_alcove_2,
          minmay_temple_entry_wispy
D:6:      layout_loops_ring, grunt_ministairs_1,
          hangedman_abyss_or_decor_stagger, uniq_grinder, uniq_maggie
Temple:   nicolae_temple_bog_church

Skill      XL: |  1  2  3  4  5  6  7  8 |
---------------+-------------------------+-----
Fighting       | 4 5 6 |  6.7
Axes           | 3 4 5 |  5.7
Armour         | 4 5 |  5.9
Shields        | 5 |  5.2
Evocations     | 2 3 4 |  4.4
Invocations    | 3 |  3.2
Throwing       | 1 |  1.4

Action                     |  1- 3 |  4- 6 |  7- 9 || total
---------------------------+-------+-------+-------++-------
  Melee: War axe           |    68 |   106 |   254 ||   428
  Throw: Throwing net      |       |       |     3 ||     3
         Dart              |       |       |     1 ||     1
Ability: Dig               |       |       |     6 ||     6
         Shaft Self        |       |       |     1 ||     1
  Evoke: Wand              |       |     1 |     9 ||    10
    Use: Scroll            |       |     4 |     1 ||     5
         Potion            |       |       |     4 ||     4
   Stab: Held in net/web   |       |       |     1 ||     1
 Armour: Scale mail        |    17 |       |       ||    17
         Plate armour      |    26 |    58 |   148 ||   232
  Dodge: Dodged            |    17 |    20 |    63 ||   100
  Block: Buckler           |    10 |    24 |    81 ||   115

Table legend: (Time is in decaauts)
 A = Elapsed time spent in this place.
 B = Non-inter-level travel time spent in this place.
 C = Inter-level travel time spent in this place.
 D = Time resting spent in this place.
 E = Time spent auto-exploring this place.
 F = Levels seen in this place.
 G = Mean time per level.
                   A        B        C        D        E       F      G
               +--------+--------+--------+--------+--------+-----+--------+
         Total |   6220 |   6033 |    187 |    559 |   4293 |   7 |  888.6 |
       Dungeon |   6010 |   5848 |    162 |    559 |   4169 |   6 | 1001.7 |
        Temple |    210 |    185 |     25 |      0 |    124 |   1 |  210.0 |
               +--------+--------+--------+--------+--------+-----+--------+

Top non-repeatable levels by time:
     D:4: 1431 daAuts
     D:5: 1273 daAuts
     D:1: 931 daAuts
     D:3: 909 daAuts
     D:2: 890 daAuts
     D:6: 573 daAuts
  Temple: 210 daAuts
